 Dungeon Crawl Stone Soup version 0.31-a0-4-gefa6de2278 (webtiles) character file.

Game seed: 8528492247961380842

422 Jackthecabe the Shooter (level 6, -1/43 HPs)
             Began as a Barachi Hexslinger on May 5, 2023.
             Slain by a yak (13 damage)
             ... on level 5 of the Dungeon.
             The game lasted 00:14:41 (5334 turns).

Jackthecabe the Shooter (Barachi Hexslinger)        Turns: 5334, Time: 00:14:41

Health: -1/43      AC:  9    Str: 17    XL:     6   Next: 95%
Magic:  7/7        EV: 12    Int: 13    God:
Gold:   320        SH:  0    Dex: 15    Spells: 6/7 levels left

rFire   . . .        b - +4 dagger
rCold   . . .        (no shield)
rNeg    . . .        k - +0 leather armour
rPois   .            m - +0 helmet
rElec   .            n - +2 cloak
rCorr   .            (no gloves)
SInv    .            r - +1 pair of boots
Will    .....        (no amulet)
Stlth   +            S - +6 ring of strength
HPRegen 0.27/turn    (no ring)
MPRegen 0.10/turn

%: no passive effects
@: unable to hop, slow
A: amphibious, slowness 1, strong legs 1, +LOS
a: Hop


You were on level 5 of the Dungeon.
You visited 1 branch of the dungeon, and saw 5 of its levels.

You collected 320 gold pieces.


Innate Abilities, Weirdness & Mutations

You are amphibious.
You cover ground slowly.
You can hop short distances.
You have an extended range of vision and can be seen from far away.


   Skills:
 - Level 1.2 Fighting
 + Level 7.2 Ranged Weapons
 - Level 2.1 Dodging
 - Level 1.1 Spellcasting
 - Level 3.2 Hexes


You had 6 spell levels left.
You knew the following spells:

 Your Spells              Type           Power      Damage    Failure   Level
s - Slow                  Hex            36%        N/A       9%          1

Your spell library contained the following spells:

 Spells                   Type           Power      Damage    Failure   Level
 Inner Flame              Hex/Fire       4%         N/A       45%         3
 Portal Projectile        Hex/Tloc       8%         N/A       45%         3
 Cause Fear               Hex            4%         N/A       65%         4
 Call Canine Familiar     Summ           0%         N/A       71%         3
 Frozen Ramparts          Ice            0%         1d1       71%         3
 Leda's Liquefaction      Hex/Erth       2%         N/A       86%         4
 Animate Armour           Summ/Erth      0%         N/A       98%         4
 Ice Form                 Ice/Tmut       0%         N/A       98%         4
 Passage of Golubria      Tloc           0%         N/A       98%         4
 Summon Ice Beast         Ice/Summ       0%         N/A       98%         4
 Silence                  Hex/Air        2%         N/A       99%         5
 Blade Hands              Tmut           0%         N/A       100%        5
 Iron Shot                Conj/Erth      0%         9d1       100%        6
 Lehudib's Crystal Spear  Conj/Erth      0%         10d2      100%        8

Inventory:

Hand Weapons
 a - a +1 sling
 b - a +4 dagger (weapon)
Armour
 k - a +0 leather armour (worn)
 l - a +0 buckler
 m - a +0 helmet (worn)
 n - a +2 cloak (worn)
 r - a +1 pair of boots (worn)
Magical Staves
 h - a staff of air {!a}
Jewellery
 s - a +6 ring of strength
 S - a +6 ring of strength (left hand)
Wands
 e - a wand of flame (21)
Scrolls
 c - 2 scrolls of fear {unknown}
 f - a scroll of identify {@r1}
 i - a scroll of torment {unknown}
 j - a scroll of noise {unknown}
 o - a scroll of acquirement {unknown}
 p - 3 scrolls of vulnerability
 q - a scroll of teleportation {unknown}
 x - 2 scrolls of poison
Potions
 d - 2 potions of lignification
 t - a potion of curing {@q1}
 u - a potion of magic {unknown}
 v - a potion of mutation {unknown}
 w - a potion of brilliance
 z - 2 potions of degeneration

Dungeon Overview and Level Annotations

Branches:
Dungeon (5/15)
 Temple: D:4-7

Altars:
Cheibriados
Kikubaaqudgha
Zin

Shops:
D:4 !

Annotations:
D:3 Sigmund

.........#▒#...##
##........##
###...###...###.#
##..........##
...#▒#.........#▒
#............#
###...###...####
##............#
.........#▒##
#.(............
###...####
##(.............
...#▒#...#
##(.)..).........
#### ###.#
#Y.##............
##.###...#
##@####...........
#......### ##.##
##..........
#..##....#####.)#
###........
#..#####....#..##
######## ..##
#####..## .##
##.## .# #..# ##
##.# # #.##


You could see a yak (poisoned).


Message History

Aim: a yak (heavily wounded, poisoned, 69% to hit)
You throw a poisoned dart. The poisoned dart hits the yak.
The yak looks even sicker.
The yak is heavily wounded.
The yak gores you.
You hit the yak but do no damage.
The yak is heavily wounded.
The yak gores you!
You hit the yak.
The yak is heavily wounded.
The yak gores you.
You hit the yak but do no damage.
The yak is heavily wounded.
The yak gores you.
You hit the yak.
The yak is severely wounded.
The yak gores you!
* * * LOW HITPOINT WARNING * * *
You barely miss the yak.
The yak is severely wounded.
The yak gores you!
* * * LOW HITPOINT WARNING * * *
You barely miss the yak.
The yak is severely wounded.
The yak gores you.
* * * LOW HITPOINT WARNING * * *
You hit the yak but do no damage.
The yak is severely wounded.
The yak gores you!
You die...

Skill      XL: |  1  2  3  4  5  6 |
---------------+-------------------+-----
Ranged Weapons | 3 4 5 6 7 |  7.2
Fighting       | |  1.2
Dodging        | |  2.1
Spellcasting   | |  1.1
Hexes          | |  3.2

Action                     |  1- 3 |  4- 6 || total
---------------------------+-------+-------++-------
  Melee: Dagger            |       |    46 ||    46
         Punch             |       |     1 ||     1
   Fire: Sling             |   142 |   217 ||   359
  Throw: Dart              |     9 |    15 ||    24
         Boomerang         |     5 |     8 ||    13
   Cast: Slow              |     8 |     1 ||     9
Ability: Hop               |     2 |     5 ||     7
    Use: Scroll            |       |     4 ||     4
         Potion            |       |     1 ||     1
 Armour: Leather armour    |    21 |    43 ||    64
         Skin              |       |     6 ||     6
  Dodge: Dodged            |    59 |    87 ||   146

Levels and vault maps discovered:
D:1:      minmay_arrival_plants_in_alcoves, layout_loops_corners, serial_bayou,
          serial_bayou_lagoon_a, serial_bayou_pond_d, serial_bayou_crossing,
          serial_bayou_shore_a
D:2:      layout_basic
D:3:      layout_rooms, lemuel_doored_altar,
          shapermc_ecumenical_altar_flowoftime, minmay_stone_trees_small,
          uniq_sigmund
D:4:      layout_basic, mainiacjoe_overflow_catch_the_wave, serial_shops, shop,
          interstate_on_off, minmay_misc_feat_rows
D:5:      nicolae_BIG_FREAKIN_CUBE, layout_cave_pods

Notes
Turn   | Place    | Note
-------+----------+-------------------------------------------
     0 | D:1      | Jackthecabe the Barachi Hexslinger began the quest for the
                  | Orb.
     0 | D:1      | Reached XP level 1. HP: 15/15 MP: 2/2
   195 | D:1      | HP: 1/15 [quokka (4)]
   229 | D:1      | Reached XP level 2. HP: 5/21 MP: 1/3
   448 | D:1      | Reached skill level 3 in Ranged Weapons
   951 | D:1      | Reached XP level 3. HP: 23/26 MP: 4/4
  1756 | D:3      | Noticed Sigmund
  1892 | D:2      | Reached skill level 4 in Ranged Weapons
  2111 | D:3      | Reached XP level 4. HP: 32/32 MP: 5/5
  2151 | D:3      | Found a faded altar of an unknown god.
  2243 | D:3      | Found a glowing silver altar of Zin.
  2632 | D:4      | Reached skill level 5 in Ranged Weapons
  2632 | D:4      | Reached XP level 5. HP: 6/37 MP: 6/6
  2828 | D:4      | Found Etoo's Distillery.
  2875 | D:4      | Found a snail-covered altar of Cheibriados.
  2916 | D:4      | Found an ancient bone altar of Kikubaaqudgha.
  3633 | D:4      | Reached skill level 6 in Ranged Weapons
  3951 | D:5      | Entered Level 5 of the Dungeon
  4033 | D:4      | Reached XP level 6. HP: 34/43 MP: 7/7
  4058 | D:4      | HP: 1/43 [acid (8)]
  4340 | D:4      | HP: 4/64 [gnoll bouda/+0 whip (5)]
  4845 | D:5      | Noticed a yak
  4945 | D:5      | Reached skill level 7 in Ranged Weapons
  5299 | D:5      | Noticed a yak
  5299 | D:5      | Noticed a yak
  5300 | D:5      | Noticed a yak
  5334 | D:5      | Slain by a yak

Vanquished Creatures
  2 orc priests
  2 hounds (D:5)
  A jelly (D:4)
  A gnoll bouda (D:4)
  An orc wizard (D:4)
  8 gnolls
  An adder (D:4)
  3 dart slugs
  20 orcs
  4 bats
  4 endoplasms
  2 giant cockroaches
  6 hobgoblins
  3 jackals (D:4)
  8 kobolds
  7 quokkas
  8 ball pythons
  6 frilled lizards
  4 goblins
  5 rats
96 creatures vanquished.

Vanquished Creatures (others)
  An orc wizard (D:4)
  29 plants
  5 withered plants (D:3)
35 creatures vanquished.

Grand Total: 131 creatures vanquished

Table legend: (Time is in decaauts)
 A = Elapsed time spent in this place.
 B = Non-inter-level travel time spent in this place.
 C = Inter-level travel time spent in this place.
 D = Time resting spent in this place.
 E = Time spent auto-exploring this place.
 F = Levels seen in this place.
 G = Mean time per level.
                   A        B        C        D        E       F      G
               +--------+--------+--------+--------+--------+-----+--------+
         Total |   6115 |   5764 |    351 |    866 |   3708 |   5 | 1223.0 |
       Dungeon |   6115 |   5764 |    351 |    866 |   3708 |   5 | 1223.0 |
               +--------+--------+--------+--------+--------+-----+--------+

Top non-repeatable levels by time:
     D:4: 2150 daAuts
     D:1: 1487 daAuts
     D:2: 919 daAuts
     D:5: 850 daAuts
     D:3: 707 daAuts

Table legend:
 A = Non-vault XP
 B = Vault XP
 C = Vault XP percentage of total XP
 D = Non-vault monster count
 E = Vault monster count
 F = Vault count percentage of total count
                 A         B        C        D         E       F
            +---------+---------+-------+---------+---------+-------
      Total |     604 |       0 |   0.0 |      97 |       0 |   0.0
            +---------+---------+-------+---------+---------+-------
        D:1 |      40 |       0 |   0.0 |      23 |       0 |   0.0
        D:2 |      34 |       0 |   0.0 |      18 |       0 |   0.0
        D:3 |      79 |       0 |   0.0 |      20 |       0 |   0.0
        D:4 |     260 |       0 |   0.0 |      25 |       0 |   0.0
        D:5 |     191 |       0 |   0.0 |      11 |       0 |   0.0
            +---------+---------+-------+---------+---------+-------
